AoeStats
← ShangTsung

Arabia

509659645Analyzed
1v1 RM · 5d ago on Sep 27, 2026· 37m 42s· 2 players
Game mode
Random Map
Map size
Tiny (2 player)
Population
200
Speed
Normal
Resources
Standard
Victory
Conquest
Starting age
Dark Age
Ending age
Imperial Age
RankedLock teamsTeams togetherTeam positionsShared explorationLock speedFull tech treeHidden civsTurbo modeCheats
Victory
Defeat
🇧🇷 Japanese · Brazil
1320
+15
🇩🇪 Japanese · Germany
1300
-15
ttmenti88
2:14 Loom
9:50 Feudal Age
8:06 Loom
10:19 Double-Bit Axe
15:35 Fletching
18:53 Wheelbarrow
18:44 Padded Archer Armor
22:58 Castle Age
20:49 Horse Collar
23:37 Bodkin Arrow
24:15 Leather Archer Armor
23:59 Pikeman
24:39 Squires
24:31 Crossbowman
25:31 Heavy Plow
25:41 Scale Mail Armor
26:04 Gold Mining
27:47 Arson
29:02 Forging
29:08 Chain Mail Armor
32:31 Elite Skirmisher
35:04 Thumb Ring
37:57 Imperial Age
37:15 Iron Casting
37:02 Bow Saw
ShangTsung
9:27 Feudal Age
10:13 Loom
9:59 Man-at-Arms
14:55 Double-Bit Axe
15:29 Horse Collar
18:46 Wheelbarrow
18:49 Fletching
23:34 Castle Age
21:42 Padded Archer Armor
24:20 Bloodlines
24:32 Bodkin Arrow
25:39 Scale Barding Armor
26:11 Husbandry
27:06 Forging
27:18 Bow Saw
28:23 Elite Skirmisher
29:52 Leather Archer Armor
29:30 Elite Skirmisher
31:23 Chain Barding Armor
32:29 Heavy Plow
33:46 Ballistics
34:33 Iron Casting
Connection lost

Rejoining the realm…

Still unreachable

The connection could not be restored.

Session expired

The server has moved on; the page needs a fresh start.